Map: Frozen Temple

Players

Miszu - Winner!

  • Race: Terran Terran
  • League: Master

hinOismad

  • Race: Zerg Zerg
  • League: Master

VOD

Have the link to the VOD?

Description

Time

  • Played on: April 30, 2016, 4:52 p.m.
  • Length: 15:24
Show
View Real Time Build Order
Export as new Build Order

Miszu Terran - Winner!

Build Orders: Reaper Expand, MMM Bio 

Get SALT Encoding   

  12  0:00  SCV  
  13  0:12  SCV  
  14  0:17  Supply Depot  
  14  0:25  SCV  
  15  0:39  SCV  
  15  0:40  Barracks  
  16  0:43  Refinery  
  16  0:51  SCV  
  17  1:03  SCV  
  18  1:16  SCV  
  19  1:30  Reaper, Orbital Command  
  20  1:45  Command Center  
  20  1:55  SCV  
  21  2:01  Marine  
  21  2:06  Supply Depot  
  22  2:09  Factory  
  22  2:13  SCV  
  23  2:25  Barracks Reactor  
  23  2:28  SCV  
  24  2:40  Command Center  
  24  2:41  SCV  
  25  2:53  SCV  
  25  2:57  Orbital Command  
  26  3:05  SCV  
  27  3:07  Barracks Tech Lab  
  27  3:08  Hellion  
  27  3:09  Hellion  
  31  3:17  SCV  
  32  3:23  SCV  
  33  3:27  Marine  
  33  3:28  Stimpack  
  33  3:29  SCV  
  33  3:30  Hellion  
  33  3:31  Hellion  
  39  3:35  SCV  
  40  3:41  SCV  
  40  3:47  SCV  
  42  3:54  Orbital Command  
  41  3:55  SCV  
  41  3:59  Refinery, SCV  
  41  4:00  Marine  
  44  4:02  Factory Reactor  
  44  4:06  Barracks x2  
  44  4:08  SCV  
  45  4:12  SCV  
  46  4:19  Marauder  
  46  4:20  SCV  
  49  4:24  SCV, Orbital Command  
  50  4:32  SCV  
  50  4:36  SCV  
  52  4:40  Marine  
  52  4:41  Engineering Bay  
  52  4:42  Engineering Bay  
  52  4:44  SCV  
  54  4:48  SCV  
  54  4:50  Starport  
  54  4:52  Supply Depot  
  55  4:54  Factory Reactor  
  55  4:55  Marine x2  
  55  4:56  Barracks Reactor, SCV  
  55  4:59  SCV  
  59  5:00  SCV  
  59  5:01  Refinery  
  59  5:03  Refinery  
  59  5:05  Barracks  
  59  5:06  Barracks  
  60  5:08  SCV  
  60  5:11  Terran Infantry Weapons Level 1, Terran Infantry Armor Level 1  
  63  5:14  SCV x2  
  63  5:16  Supply Depot  
  63  5:20  Supply Depot  
  63  5:23  Missile Turret  
  63  5:26  SCV, Missile Turret  
  64  5:30  Missile Turret  
  64  5:34  Combat Shields  
  64  5:36  Marine  
  64  5:37  Marine  
  64  5:38  Factory Reactor  
  64  5:39  SCV  
  64  5:41  SCV  
  64  5:42  SCV  
  69  5:48  Marine x3  
  72  5:52  Medivac  
  72  5:54  Marine  
  72  5:55  Medivac  
  77  6:06  Supply Depot  
  77  6:07  Supply Depot  
  77  6:08  Marine  
  77  6:09  Barracks Reactor x2  
  77  6:10  SCV x2  
  77  6:11  SCV  
  81  6:15  Supply Depot, Marine  
  81  6:16  Marine x3  
  85  6:18  Armory  
  85  6:27  Widow Mine  
  85  6:28  Medivac, SCV x2  
  90  6:34  Supply Depot  
  90  6:35  Supply Depot  
  90  6:36  Supply Depot  
  90  6:37  SCV  
  90  6:39  Marine  
  92  6:40  SCV x2  
  92  6:43  Marauder  
  92  6:45  Marine x3  
  92  6:46  Marine  
  100  6:49  SCV  
  100  6:50  Marine  
  101  6:58  Marine  
  101  6:59  Supply Depot, Marine x2, Widow Mine  
  101  7:00  Hellion, Medivac x2  
  112  7:03  Marine x2  
  114  7:11  Barracks  
  114  7:12  Barracks x2  
  114  7:14  SCV  
  117  7:17  Terran Infantry Armor Level 2  
  117  7:21  Terran Infantry Weapons Level 2  
  115  7:24  Marine  
  115  7:25  Marine x3  
  115  7:26  Marauder  
  121  7:36  Marine x2, SCV  
  121  7:37  SCV x2  
  126  7:43  Supply Depot x2  
  126  7:44  Widow Mine x2  
  126  7:47  Marauder  
  126  7:48  Medivac x2, SCV  
  137  7:55  SCV x2  
  137  7:57  Marine x2  
  141  8:01  Liberator  
  141  8:03  SCV  
  134  8:07  SCV x2  
  134  8:08  Marine  
  134  8:09  Marine x5  
  132  8:13  Barracks Tech Lab x2, Liberator  
  132  8:14  Barracks Tech Lab  
  132  8:32  Marauder  
  132  8:33  Marauder x3  
  142  8:34  Marine x4  
  142  8:35  Marine x4  
  142  8:40  Refinery  
  150  8:41  Supply Depot  
  150  8:43  Refinery  
  150  8:44  Supply Depot  
  150  8:45  Liberator  
  150  8:52  Marine x5  
  154  9:00  Bunker  
  154  9:01  Marauder x2  
  154  9:02  Marauder x2, Liberator  
  165  9:09  Marine  
  166  9:10  Widow Mine x2  
  166  9:11  Marine  
  171  9:21  Marine x5  
  171  9:22  Marauder  
  181  9:24  Supply Depot  
  181  9:27  Marine x2  
  181  9:29  Liberator  
  181  9:30  SCV  
  184  9:38  Widow Mine  
  184  9:45  Liberator  
  145  9:48  Marine x6  
  145  9:49  Marine  
  145  9:50  Marine, Hellion  
  162  9:58  Terran Infantry Weapons Level 3  
  158  10:07  Marine, Widow Mine  
  161  10:08  Marauder  
  161  10:09  Marauder  
  161  10:10  Command Center  
  161  10:11  Widow Mine  
  161  10:12  Liberator  
  170  10:17  Marine, Marauder  
  170  10:19  Marine  
  170  10:20  Marine  
  175  10:21  Marine  
  174  10:35  Widow Mine  
  174  10:40  Widow Mine  
  142  10:57  Marine x8  
  124  11:02  Marine  
  128  11:04  Widow Mine  
  128  11:07  Marine x3  
  133  11:12  Medivac  
  133  11:13  Medivac  
  133  11:14  Marine  
  133  11:15  Marine x6  
  141  11:19  Starport  
  141  11:21  Marine x2  
  141  11:24  Marine  
  141  11:25  Marine x2  
  145  11:32  Marine  
  146  11:33  Marine x5  
  146  11:36  Missile Turret  
  146  11:37  Terran Infantry Armor Level 3  
  146  11:39  Marine  
  152  11:40  Marine  
  152  11:41  Missile Turret  
  152  11:42  Missile Turret  
  121  12:03  Marine x7  
  121  12:04  Marine x4  
  121  12:05  Marine  
  108  12:16  Liberator  
  108  12:17  Widow Mine  
  108  12:18  Widow Mine  
  108  12:21  Marine x4, Liberator  
  116  12:25  Planetary Fortress  
  116  12:29  Marauder  
  118  12:31  Medivac  
  118  12:34  Marine  
  118  12:35  Marine x3  
  127  12:43  Marauder x2  
  134  12:53  Marauder  
  134  12:56  Widow Mine x2  
  134  12:57  Marine x9  
  149  13:02  Medivac  
  149  13:04  Marine x2  
  153  13:06  Concussive Shells  
  153  13:15  Marine x2, Marauder  
  153  13:16  Medivac  
  153  13:17  Liberator x2  
  124  13:28  Marine x5  
  124  13:29  Liberator  
  124  13:33  Widow Mine  
  126  13:35  Marine, Marauder  
  126  13:36  Marine x5  
  140  13:46  Marine  
  144  13:54  Marauder x2  
  148  14:00  Liberator x2  
  136  14:04  Marine  
  136  14:05  Marine x4  
  141  14:12  Liberator  
  141  14:14  Marine  
  141  14:15  Marine x6  
  136  14:22  Marine  
  136  14:23  Marine x4  
  146  14:32  Marine  
  146  14:33  Marine x5  
  150  14:46  Marine, Marauder  
  150  14:47  Marine x3  
  150  14:52  Marauder  
  158  14:54  Marine, Marauder  
Show
View Real Time Build Order
Export as new Build Order

hinOismad Zerg 

Build Orders: Hatch First, Muta Ling Bane 

Get SALT Encoding   

  12  0:01  Drone  
  13  0:09  Drone  
  14  0:18  Overlord  
  14  0:25  Extractor  
  14  0:26  Drone  
  15  0:37  Drone x2  
  17  0:54  Hatchery  
  17  0:56  Drone  
  17  1:00  Extractor, Drone  
  17  1:15  Spawning Pool  
  17  1:18  Drone  
  17  1:21  Drone  
  18  1:27  Drone  
  19  1:37  Overlord  
  19  1:49  Drone  
  20  2:00  Drone  
  21  2:01  Metabolic Boost  
  21  2:02  Queen  
  21  2:06  Zergling x2  
  24  2:09  Zergling x2  
  25  2:17  Queen  
  25  2:18  Drone  
  25  2:21  Drone  
  29  2:28  Drone  
  30  2:35  Drone  
  31  2:40  Drone  
  31  2:42  Lair  
  32  2:46  Overlord  
  32  2:51  Drone  
  33  2:53  Drone  
  34  3:00  Drone  
  34  3:04  Drone  
  36  3:09  Drone  
  36  3:10  Overlord  
  36  3:11  Drone x2  
  39  3:16  Drone  
  40  3:23  Extractor x2, Drone  
  40  3:24  Extractor, Spine Crawler  
  40  3:26  Drone x3  
  40  3:33  Drone  
  41  3:39  Drone  
  41  3:40  Drone  
  43  3:45  Drone x3  
  45  3:53  Spire  
  43  3:55  Drone  
  43  3:56  Drone x2  
  46  4:04  Drone x4  
  46  4:09  Queen  
  52  4:12  Overlord  
  52  4:16  Overlord  
  52  4:24  Baneling Nest, Zergling x2  
  52  4:32  Zergling x10  
  52  4:37  Drone  
  58  4:39  Evolution Chamber  
  58  4:40  Zergling x4  
  58  4:41  Evolution Chamber  
  58  4:44  Overlord  
  58  5:04  Mutalisk x6  
  58  5:06  Mutalisk  
  70  5:12  Drone  
  73  5:18  Centrifical Hooks  
  73  5:22  Queen  
  75  5:32  Hatchery  
  75  5:34  Overlord  
  74  5:40  Drone x2  
  76  5:43  Zerg Melee Weapons Level 1  
  76  5:48  Overlord  
  76  5:49  Zerg Flyer Weapons Level 1  
  76  5:51  Zerg Ground Armor Level 1  
  76  5:56  Overlord  
  76  6:08  Overlord  
  76  6:09  Drone x7  
  83  6:16  Overlord  
  83  6:20  Overseer  
  83  6:22  Drone x5  
  83  6:24  Drone  
  89  6:33  Extractor x2, Drone x4  
  91  6:40  Queen  
  91  6:42  Overlord  
  91  6:43  Overlord  
  91  6:45  Drone  
  94  6:52  Drone x4  
  98  6:56  Overlord  
  98  6:59  Overlord  
  98  7:00  Drone  
  99  7:06  Zergling x2  
  100  7:09  Mutalisk x2  
  100  7:13  Zergling x4  
  100  7:14  Baneling x12  
  106  7:20  Mutalisk x2  
  110  7:27  Mutalisk x4  
  117  7:30  Overlord  
  117  7:32  Zergling x4  
  119  7:42  Zerg Melee Weapons Level 2  
  119  7:49  Zergling x4, Hatchery  
  119  7:50  Zergling x12  
  126  7:52  Drone x2  
  128  8:00  Drone x4  
  128  8:03  Drone  
  128  8:04  Drone x2  
  128  8:06  Drone  
  125  8:13  Drone x5  
  125  8:14  Zerg Ground Armor Level 2  
  125  8:16  Zerg Flyer Weapons Level 2  
  125  8:18  Drone  
  131  8:22  Drone  
  131  8:25  Mutalisk  
  131  8:26  Extractor x2  
  132  8:28  Mutalisk  
  132  8:34  Drone x2  
  136  8:35  Infestation Pit  
  135  8:41  Zergling x2  
  135  8:45  Overlord x2  
  135  8:46  Zergling x12  
  142  8:55  Mutalisk  
  138  8:57  Baneling x9  
  138  8:59  Zergling x4  
  138  9:01  Overlord  
  140  9:03  Zergling x2  
  140  9:08  Mutalisk x2  
  145  9:11  Baneling x6  
  145  9:12  Baneling x10  
  145  9:13  Zergling x14  
  152  9:17  Zergling x8  
  152  9:21  Zergling x4  
  158  9:25  Hive  
  158  9:26  Mutalisk x2  
  162  9:31  Zergling x2  
  162  9:32  Zergling x2  
  162  9:34  Zergling x2  
  162  9:43  Zergling x20  
  148  9:47  Mutalisk  
  148  9:48  Mutalisk  
  150  9:56  Baneling x4, Mutalisk x3  
  153  10:02  Baneling x3  
  153  10:13  Extractor, Drone x3  
  155  10:14  Hatchery  
  155  10:18  Overlord x3  
  155  10:20  Baneling x10  
  155  10:21  Baneling x2  
  144  10:43  Zergling x24  
  144  10:46  Mutalisk  
  144  10:47  Mutalisk x2  
  151  10:52  Overseer  
  151  10:53  Adrenal Glands  
  151  10:55  Zergling x8  
  151  11:02  Zergling x4  
  151  11:03  Baneling x2  
  151  11:04  Baneling x4  
  153  11:05  Zergling x2  
  153  11:06  Zergling x6  
  153  11:09  Overseer  
  153  11:11  Zergling x4  
  159  11:14  Queen  
  159  11:18  Overlord  
  161  11:21  Baneling x10  
  161  11:22  Zergling x2  
  161  11:23  Zergling x14  
  169  11:27  Zergling x4  
  169  11:29  Baneling x6  
  171  11:36  Overlord x3  
  171  11:44  Ultralisk Cavern  
  169  11:55  Hatchery  
  134  12:01  Zerg Flyer Armor Level 1  
  134  12:02  Zerg Melee Weapons Level 3  
  99  12:09  Mutalisk x3  
  99  12:11  Zergling x24  
  113  12:15  Mutalisk  
  113  12:20  Zergling x14  
  113  12:22  Mutalisk  
  122  12:27  Zergling x2  
  125  12:31  Baneling x11  
  125  12:36  Zergling x2  
  126  12:37  Zergling x10  
  126  12:38  Baneling  
  126  12:39  Baneling x6  
  126  12:41  Zergling x2  
  126  12:43  Zergling x2  
  126  12:44  Zergling x2  
  134  12:48  Zergling x10  
  139  12:55  Ultralisk  
  145  12:59  Chitinous Plating  
  145  13:01  Baneling x2  
  145  13:03  Zergling x6  
  148  13:12  Mutalisk x3  
  154  13:15  Baneling x3  
  154  13:26  Zergling x18  
  154  13:27  Zergling x4  
  134  13:29  Mutalisk  
  134  13:33  Mutalisk x2  
  125  13:36  Zergling x6  
  125  13:40  Mutalisk x2  
  132  13:43  Overseer  
  132  13:44  Overseer  
  126  13:50  Mutalisk  
  126  13:52  Zergling x16  
  120  14:03  Zergling x2  
  120  14:04  Zergling x18  
  120  14:09  Ultralisk  
  136  14:15  Ultralisk  
  136  14:16  Zergling x4  
  131  14:20  Zergling x4  
  114  14:28  Zergling x2  
  114  14:29  Zergling x8  
  93  14:48  Hatchery  
  83  14:56  Overseer  
Tags
 
Add a new tag
Caveats
  • Supply blocks, unpowered buildings, or Contaminate may cause inaccurate times.
  • Supply counts are checked every 10 seconds.